 Dungeon Crawl Stone Soup version 0.28.0 (webtiles) character file.

Game seed: 15136282777224475975

8449 pkoi the Grappler (level 11, -7/97 HPs)
             Began as a Minotaur Gladiator on Feb 9, 2022.
             Was an Initiate of Gozag.
             Killed from afar by an electric eel (12 damage)
             ... with a bolt of electricity
             ... on level 9 of the Dungeon.
             The game lasted 00:14:03 (12107 turns).

pkoi the Grappler (Minotaur Gladiator)             Turns: 12107, Time: 00:14:04

Health: -7/97      AC: 11    Str: 21    XL:     11   Next: 10%
Magic:  10/10      EV: 18    Int:  5    God:    Gozag
Gold:   1036       SH:  0    Dex: 14    Spells: 10/10 levels left

rFire   . . .      SeeInvis .     - Unarmed
rCold   . . .      Faith    .   (no shield)
rNeg    . . .      Spirit   .   z - +1 leather armour of the Peach {Stlth+}
rPois   .          Reflect  .   a - +1 hat
rElec   .          Harm     .   q - +0 cloak
rCorr   .          Rampage  .   (no gloves)
Will    .....                   l - +2 pair of boots
Stlth   +++.......              (no amulet)
HPRegen 0.26/turn               v - +4 ring of evasion
MPRegen 0.12/turn               (no ring)

@: gold aura, studying Armour
A: horns 2, retaliatory headbutt
a: Renounce Religion, Potion Petition, Call Merchant, Bribe Branch


You were on level 9 of the Dungeon.
You worshipped Gozag.
Gozag was most pleased with you.
You visited 2 branches of the dungeon, and saw 10 of its levels.

You collected 1123 gold pieces.
You paid 87 gold pieces to Gozag.

Inventory:

Hand Weapons
 b - a +0 shortbow
 c - a +1 war axe of freezing
Missiles
 d - 3 throwing nets (quivered)
 g - 27 poisoned darts
 o - 218 arrows
Armour
 a - a +1 hat (worn)
 h - a +0 chain mail
 l - a +2 pair of boots (worn)
 q - a +0 cloak (worn)
 z - the +1 leather armour of the Peach (worn) {Stlth+}
   (You found it on level 7 of the Dungeon)

   Stlth:     It makes you more stealthy.
Jewellery
 v - a +4 ring of evasion (left hand)
Wands
 x - a wand of flame (13)
 y - a wand of digging (4)
Scrolls
 e - a scroll of magic mapping
 f - a scroll of enchant armour
 r - a scroll of enchant weapon
 t - 3 scrolls of teleportation
 u - 4 scrolls of identify
 A - 2 scrolls of amnesia
Potions
 i - a potion of mutation
 j - 4 potions of curing
 k - 2 potions of haste
 m - 2 potions of lignification
 n - a potion of might
 p - 2 potions of heal wounds
 s - 2 potions of flight
 w - a potion of resistance {unknown}


   Skills:
 - Level 9.0 Fighting
 - Level 3.7 Axes
 - Level 3.2 Bows
 - Level 2.0 Throwing
 + Level 9.1 Armour
 + Level 6.1 Dodging
 - Level 3.2 Stealth
 + Level 14.6 Unarmed Combat
 + Level 4.6 Evocations


You had 10 spell levels left.
You didn't know any spells.
Your spell library contained the following spells:

 Spells                   Type           Power      Damage    Failure   Level
 Slow                     Hex            0%         N/A       52%         1
 Blink                    Tloc           0%         N/A       65%         2
 Corpse Rot               Necr/Air       0%         N/A       65%         2
 Poisonous Vapours        Pois/Air       0%         N/A       65%         2
 Static Discharge         Conj/Air       0%         N/A       65%         2
 Confusing Touch          Hex            0%         N/A       87%         3
 Gell's Gravitas          Tloc           0%         N/A       87%         3
 Teleport Other           Tloc           0%         N/A       87%         3
 Vampiric Draining        Necr           0%         2d6       87%         3
 Dispel Undead            Necr           0%         3d6       99%         4
 Sticky Flame             Conj/Fire      0%         2d3       99%         4
 Manifold Assault         Tloc           0%         N/A       100%        5
 Dispersal                Tloc           0%         N/A       100%        6
 Storm Form               Tmut/Air       0%         N/A       100%        7


Dungeon Overview and Level Annotations

Branches:
Dungeon (9/15)             Temple (1/1) D:7            Lair (0/6) D:9
    Orc: D:9-12

Altars:
Ashenzari
Cheibriados
Dithmenos
Elyvilon
Fedhas
Gozag
Hepliaklqana
Kikubaaqudgha
Makhleb
Nemelex Xobeh
Okawaru
Qazlal
Ru
Sif Muna
Trog
Uskayaw
Vehumet
Wu Jian
Xom
Yredelemnul
Zin
The Shining One

Shops:
D:3 (   D:7 =[*:(

Annotations:
D:9 3 runed translucent doors


Innate Abilities, Weirdness & Mutations

You have a pair of horns on your head.
You reflexively headbutt those who attack you in melee.


Message History

The bolt of electricity hits you!
The electric eel shoots out a bolt of lightning at you!
The bolt of electricity hits you!
* * * LOW HITPOINT WARNING * * *
A nearby plant withers and dies.
The electric eel shoots out a bolt of lightning at you!
The bolt of electricity hits you!
* * * LOW HITPOINT WARNING * * *
The electric eel shoots out a bolt of lightning at you!
The bolt of electricity hits the electric eel.
The electric eel completely resists.
The bolt of electricity hits you!
* * * LOW HITPOINT WARNING * * *
You punch the electric eel!
The electric eel is almost dead.
The electric eel shoots out a bolt of lightning at you!
The bolt of electricity hits you!
* * * LOW HITPOINT WARNING * * *
The bolt of electricity hits you!
* * * LOW HITPOINT WARNING * * *
You punch the electric eel!
You kill the electric eel!
You hear a splash.
The electric eel shoots out a bolt of lightning at you!
The bolt of electricity hits the electric eel.
The electric eel completely resists.
The bolt of electricity hits you.
* * * LOW HITPOINT WARNING * * *
The electric eel shoots out a bolt of lightning at you!
The bolt of electricity hits you!
* * * LOW HITPOINT WARNING * * *
The bolt of electricity misses you.
You completely miss the electric eel. You headbutt the electric eel.
The electric eel is lightly wounded.
The electric eel shoots out a bolt of lightning at you!
The bolt of electricity hits the electric eel.
The electric eel completely resists.
The bolt of electricity hits you!
* * * LOW HITPOINT WARNING * * *
The electric eel shoots out a bolt of lightning at you!
The bolt of electricity hits you!
You die...
Your body crumbles into a pile of gold.

#....♣≈≈...########
#########+ ##...♣..♣.# #..
###...##.# #.# #..###.##
#########'# #.## #..#
#.......... #)#####.######
###..........
#))).........###.+........<.
###..........#...#..........
#........@≈♣≈♣≈≈≈♣♣.......
#.>..<≈♣♣S$≈♣≈≈≈♣♣≈(♣≈≈...
#....≈♣♣≈♣≈≈≈≈≈≈y(≈≈♣♣≈≈♣≈
#..♣≈♣≈≈≈P≈≈≈≈≈≈≈≈≈≈♣≈≈≈♣≈
#.P≈≈≈≈♣≈≈≈P≈≈≈≈≈≈≈≈≈≈≈P≈≈
#♣♣≈≈≈≈≈P≈S≈≈≈≈≈≈≈≈≈≈PP≈≈♣
≈≈≈≈≈P≈≈≈≈≈≈≈≈≈≈≈S≈≈≈≈≈y
♣≈♣P≈≈≈≈≈≈≈≈≈≈≈≈≈≈≈≈≈≈≈≈P
♣≈P≈≈≈P≈≈≈≈≈≈≈≈≈≈≈S≈≈≈≈♣P


You could see 2 electric eels.

Vanquished Creatures
  Joseph (D:8)
  Prince Ribbit (D:7)
  6 wyverns
  14 yaks (D:9)
  A steam dragon (D:7)
  2 vampire mosquitoes (D:8)
  Menkaure (D:6)
  6 water moccasins
  2 orc warriors
  An ice beast (D:7)
  A sky beast (D:8)
  4 necrophages
  2 ogres (D:5)
  3 centaurs
  A phantom (D:6)
  A kobold brigand (D:9)
  4 bullfrogs
  2 gnoll sergeants
  A wyvern zombie (D:5)
  A water moccasin zombie (D:7)
  2 water moccasin skeletons
  17 killer bees
  5 wights (D:8)
  2 electric eels (D:9)
  A bullfrog zombie (D:6)
  A centaur zombie (D:9)
  A bullfrog skeleton (D:4)
  2 hounds
  4 orc priests
  3 centaur skeletons
  Crazy Yiuf (D:2)
  Jessica (D:2)
  2 gnoll shamans
  3 iguanas
  3 orc wizards
  A hound skeleton (D:5)
  A howler monkey skeleton (D:7)
  A howler monkey zombie (D:8)
  25 gnolls
  5 adders
  2 shadow imps
  An adder zombie (D:5)
  4 worms
  A dart slug (D:3)
  28 orcs
  7 endoplasms
  5 giant cockroaches
  5 goblins
  8 hobgoblins
  6 jackals
  11 kobolds
  4 quokkas
  8 ball pythons
  8 bats
  3 frilled lizards (D:1)
  A jackal skeleton (D:4)
  3 rats
241 creatures vanquished.

Vanquished Creatures (collateral kills)
  A kobold brigand (D:8)
  2 kobolds (D:8)
3 creatures vanquished.

Vanquished Creatures (others)
  2 fungi (D:9)
  49 plants
51 creatures vanquished.

Grand Total: 295 creatures vanquished

Notes
Turn   | Place    | Note
-------+----------+-------------------------------------------
     0 | D:1      | pkoi the Minotaur Gladiator began the quest for the Orb.
     0 | D:1      | Reached XP level 1. HP: 18/18 MP: 0/0
    37 | D:1      | Identified a scroll of acquirement
    37 | D:1      | Acquired a manual of Unarmed Combat
   167 | D:1      | Reached skill level 1 in Unarmed Combat
   189 | D:1      | Reached skill level 1 in Armour
   189 | D:1      | Reached XP level 2. HP: 25/25 MP: 1/1
   452 | D:1      | Reached skill level 2 in Unarmed Combat
   681 | D:2      | Reached XP level 3. HP: 30/31 MP: 2/2
   704 | D:2      | Noticed Jessica
   707 | D:2      | Killed Jessica
   708 | D:2      | Reached skill level 3 in Unarmed Combat
   825 | D:2      | Reached XP level 4. HP: 33/38 MP: 3/3
   948 | D:2      | Found a runed translucent door.
   949 | D:2      | Noticed Crazy Yiuf
  1340 | D:3      | Reached skill level 4 in Unarmed Combat
  1589 | D:3      | Found Roavuic's Antique Weapon Boutique.
  1671 | D:3      | Reached skill level 5 in Unarmed Combat
  1990 | D:3      | Reached XP level 5. HP: 24/45 MP: 4/4
  2046 | D:2      | Reached skill level 6 in Unarmed Combat
  2945 | D:3      | Reached skill level 7 in Unarmed Combat
  3380 | D:3      | Reached XP level 6. HP: 21/51 MP: 5/5
  3551 | D:4      | Reached skill level 8 in Unarmed Combat
  3722 | D:4      | Reached skill level 9 in Unarmed Combat
  4297 | D:4      | Reached skill level 10 in Unarmed Combat
  4298 | D:4      | Reached XP level 7. HP: 43/57 MP: 6/6
  4690 | D:2      | Killed Crazy Yiuf
  4956 | D:5      | Entered Level 5 of the Dungeon
  5535 | D:5      | Reached skill level 11 in Unarmed Combat
  5954 | D:5      | Reached XP level 8. HP: 58/67 MP: 7/7
  6012 | D:5      | Reached skill level 12 in Unarmed Combat
  6309 | D:5      | Reached skill level 5 in Fighting
  6326 | D:5      | Reached skill level 5 in Armour
  6329 | D:5      | Reached skill level 1 in Bows
  6753 | D:6      | Reached skill level 13 in Unarmed Combat
  6778 | D:6      | Noticed Menkaure
  6789 | D:6      | Killed Menkaure
  7059 | D:6      | Reached XP level 9. HP: 75/75 MP: 8/8
  7299 | D:7      | Found Jantunle's General Store.
  7345 | D:7      | Found Siuzur's Antique Armour Shop.
  7468 | D:7      | Noticed Prince Ribbit
  7484 | D:7      | Killed Prince Ribbit
  7599 | D:7      | Found a staircase to the Ecumenical Temple.
  7613 | Temple   | Entered the Ecumenical Temple
  7892 | Temple   | Became a worshipper of Gozag Ym Sagoz the Greedy
  7991 | D:7      | Found Byucvyl's Book Shop.
  7996 | D:7      | Found Linibb's Weapon Boutique.
  8200 | D:7      | Reached skill level 1 in Evocations
  8416 | D:7      | Found Edidosul's Jewellery Shop.
  8892 | D:7      | Identified the +1 leather armour of the Peach {Stlth+}
  9121 | D:8      | Reached skill level 1 in Stealth
  9322 | D:8      | Noticed Joseph
  9334 | D:8      | Killed Joseph
  9335 | D:8      | Reached XP level 10. HP: 74/88 MP: 9/9
  9567 | D:8      | Reached skill level 14 in Unarmed Combat
  9812 | D:8      | Noticed a purple ugly thing
 10058 | D:9      | Found a staircase to the Lair.
 10077 | D:9      | Reached skill level 5 in Dodging
 10515 | D:9      | Found a runed translucent gate.
 10515 | D:9      | Found a runed translucent gate.
 10515 | D:9      | Found a runed translucent gate.
 10539 | D:9      | Found a sparkling altar of Nemelex Xobeh.
 10592 | D:9      | Reached XP level 11. HP: 76/97 MP: 10/10
 10964 | D:9      | Acquired a manual of Armour
 12107 | D:9      | Killed from afar by an electric eel

Illustrated notes

Levels and vault maps discovered:
D:1:      minmay_arrival_diagonal_passages, layout_rooms
D:2:      layout_basic, uniq_crazy_yiuf_cottage, uniq_jessica
D:3:      minmay_evil_eye, layout_rooms, serial_shops, nicolae_shop_waterfront,
          supply_closet_lemuel, hangedman_glass_garden
D:4:      layout_basic, corexii_shack, nicolae_zen_rock_garden,
          minmay_misc_feat_four_crosses
D:5:      layout_cave_pools
D:6:      layout_rooms, uniq_menkaure
D:7:      nicolae_BIG_FREAKIN_CUBE, layout_cave_pools,
          minmay_temple_entry_statues_pillars, serial_shops, nicolae_shop_trees,
          nicolae_shop_temple_entry_statues_fountains, nicolae_shop_crystal,
          shop, nicolae_stop_n_shop_2, uniq_prince_ribbit1
D:8:      layout_basic, uniq_joseph
D:9:      layout_roguey, nemelex_xobeh_ov_fountains_minmay,
          minmay_lair_entry_grove, gammafunk_ghost_icy, serial_bayou,
          serial_bayou_pond_a, serial_bayou_pond_d, serial_bayou_lake_a,
          serial_bayou_crossing
Temple:   roderic_octagonal_lattice_temple

Skill      XL: |  1  2  3  4  5  6  7  8  9 10 11 |
---------------+----------------------------------+-----
Unarmed Combat | 1 2 3 5 7 10 11 13 14 | 14.6
Armour         | 1 2 3 4 6 7 9 |  9.1
Fighting       | 3 4 6 7 9 |  9.0
Bows           | 3 |  3.2
Evocations     | 2 4 |  4.6
Stealth        | 1 3 |  3.2
Dodging        | 4 5 6 |  6.1
Axes           | |  3.7
Throwing       | |  2.0

Action                   |  1- 3 |  4- 6 |  7- 9 | 10-12 || total
-------------------------+-------+-------+-------+-------++-------
Melee: War axe           |    58 |   140 |       |       ||   198
       Headbutt          |     9 |    27 |    44 |    33 ||   113
       Punch             |     1 |     5 |    17 |    18 ||    41
       Unarmed           |       |    19 |   242 |   177 ||   438
 Fire: Shortbow          |       |       |       |     6 ||     6
  Use: Scroll            |     2 |     7 |    10 |     2 ||    21
       Potion            |       |     1 |       |     1 ||     2
 Stab: Sleeping          |       |       |     1 |     1 ||     2
       Distracted        |       |       |       |     3 ||     3
Armor: Leather armour    |    20 |    37 |     6 |    30 ||    93
       Chain mail        |       |     5 |    96 |       ||   101
Dodge: Dodged            |    46 |   116 |   156 |   133 ||   451
